 Dungeon Crawl Stone Soup version 0.23.1 (webtiles) character file.

Game seed: 2489795031661937370

296 dvd the Chiller (level 6, -4/32 HPs)
             Began as a Gargoyle Ice Elementalist on Mar 3, 2019.
             Slain by a reaper
             ... wielding a +1 scythe of flaming
             ... summoned by the malice of Kikubaaqudgha
              (25 damage)
             ... on level 4 of the Dungeon.
             The game lasted 00:10:22 (4008 turns).

dvd the Chiller (Gargoyle Ice Elementalist)         Turns: 4008, Time: 00:10:23

Health: -4/32      AC: 13    Str: 12    XL:     6   Next: 35%
Magic:  10/11      EV: 12    Int: 15    God:
Gold:   92         SH:  0    Dex: 12    Spells: 6/12 levels left

rFire    x . .     SeeInvis .   u - +0 dagger (protect)
rCold    + . .     Gourm    .   (no shield)
rNeg     + . .     Faith    .   a - +0 robe
rPois    ∞         Spirit   .   (no helmet)
rElec    +         Reflect  .   (no cloak)
rCorr    .         Harm     .   (no gloves)
MR       .....                  (no boots)
Stlth    ++........             (no amulet)
HPRegen  0.10/turn              d - ring of ice
MPRegen  0.12/turn              (no ring)

@: protection aura, slowed, very slow
A: negative energy resistance 1, electricity resistance, unbreathing,
petrification resistance, rot immunity, AC +4
a: no special abilities


You were on level 4 of the Dungeon.
You were not hungry.

You visited 1 branch of the dungeon, and saw 4 of its levels.

You collected 92 gold pieces.

Inventory:

Hand Weapons
 b - a +0 dagger
 e - a +0 club
 n - a +0 mace
 u - a +0 dagger of protection (weapon)
 v - a +0 dagger of holy wrath
Armour
 a - a +0 robe (worn)
Jewellery
 d - a ring of ice (left hand)
Scrolls
 f - 2 scrolls of fear {unknown}
 g - a scroll of enchant weapon {unknown}
 h - 5 scrolls of identify {unknown}
 i - a scroll of fog {unknown}
 j - a scroll of amnesia {unknown}
 p - 2 scrolls of remove curse {unknown}
 q - a scroll of immolation {unknown}
Potions
 k - 2 potions of heal wounds {unknown}
 l - a potion of might {unknown}
 m - a potion of agility
 o - a potion of degeneration {unknown}
 s - a potion of curing {unknown}
 t - a potion of lignification {unknown}
Comestibles
 c - 3 rations
 r - 9 chunks of flesh


   Skills:
 + Level 0.2 Fighting
 + Level 1.0 Maces & Flails
 + Level 2.4 Dodging
 + Level 3.9 Stealth
 + Level 3.5 Spellcasting
 + Level 1.2 Conjurations
 + Level 0.1 Charms
 + Level 4.5 Ice Magic


You had 6 spell levels left.
You knew the following spells:

 Your Spells              Type           Power        Failure   Level  Hunger
a - Freeze                Ice            ###.         3%          1    None
b - Throw Frost           Conj/Ice       ###...       9%          2    ##.....
c - Ozocubu's Armour      Chrm/Ice       ##......     22%         3    ###....

Your spell library contained the following spells:

 Spells                   Type           Power        Failure   Level  Hunger
 Animate Skeleton         Necr           N/A          19%         1    None
 Pain                     Necr           #...         19%         1    None
 Corpse Rot               Necr           N/A          28%         2    ##.....
 Vampiric Draining        Necr           #.........   50%         3    ###....
 Throw Icicle             Conj/Ice       ###.....     52%         4    ####...
 Summon Ice Beast         Ice/Summ       ##......     58%         4    ####...


Dungeon Overview and Level Annotations

Branches:
Dungeon (4/15)
 Temple: D:4-7

Altars:
Fedhas
Kikubaaqudgha


Innate Abilities, Weirdness & Mutations

You are resistant to torment.
Your stone body is resilient. (AC +4)
You are immune to poison.
You resist negative energy. (rN+)
You are resistant to electric shocks. (rElec)
You can survive without breathing.
You are immune to petrification.
You are immune to rotting.


Message History

v - a +0 dagger of holy wrath Unknown command.
You butcher the orc corpse.
r - 9 chunks of flesh (gained 4)
Things that are here:
a +0 robe; an orc skeleton Unknown command.
You start resting.
Your magical contamination has completely faded away.
You start resting.
You hear Kikubaaqudgha cackling.
You smell decay.
You feel yourself slow down.
You feel horribly lethargic. Death has come for you...
The dead are walking! 3 skeletons come into view.
You hit the ogre skeleton.
Your weapon exudes an aura of protection.
The ogre skeleton is lightly damaged.
The reaper hits you from afar with a +1 scythe of flaming!!
Ouch! That really hurt!
You die...

#>..........# ..)... ..
#...........# ...... .
+...##..<).########.. .
...##...÷.##....##.. + #.
#..##............+..
..##.##..##...........##..
.......Z2##.....##....##..
.......○Z##.....##....##..
.......§Z@......#.........
................#.....o...
#.##.##..###..##########..
# #. #..# #..# #.. . .....
..... +...... .
............. #......
....##...###.##+# #####..
.. #...# +# #o.


oo. You could see a reaper, a kobold skeleton, an orc wizard skeleton and an
ogre skeleton.

Vanquished Creatures
  An orc priest (D:4)
  2 orc wizards
  Jessica (D:2)
  A worker ant (D:4)
  4 gnolls
  2 adders
  2 oozes
  An adder skeleton (D:4)
  A dart slug (D:3)
  3 worms
  3 leopard geckos
  8 orcs
  A ball python (D:4)
  7 giant cockroaches
  10 goblins
  5 hobgoblins
  4 kobolds
  3 quokkas
  8 bats
  6 frilled lizards
  7 rats
80 creatures vanquished.

Notes
Turn   | Place    | Note
-------+----------+-------------------------------------------
     0 | D:1      | dvd the Gargoyle Ice Elementalist began the quest for the
                  | Orb.
     0 | D:1      | Reached XP level 1. HP: 10/10 MP: 3/3
   523 | D:1      | Reached XP level 2. HP: 15/15 MP: 1/5
   583 | D:1      | Learned a level 2 spell: Throw Frost
  1047 | D:1      | Reached XP level 3. HP: 19/19 MP: 3/6
  1402 | D:1      | Learned a level 3 spell: Ozocubu's Armour
  1505 | D:2      | Reached XP level 4. HP: 23/24 MP: 4/8
  1703 | D:2      | Reached skill level 4 in Ice Magic
  1767 | D:2      | Noticed Jessica
  1776 | D:2      | Killed Jessica
  2096 | D:2      | Reached XP level 5. HP: 28/28 MP: 6/9
  2395 | D:3      | Found a blossoming altar of Fedhas.
  2620 | D:3      | You fall through a shaft!
  3022 | D:3      | Found a faded altar of an unknown god.
  3032 | D:3      | Became a worshipper of Kikubaaqudgha
  3032 | D:3      | Reached * piety under Kikubaaqudgha
  3032 | D:3      | Identified Kikubaaqudgha's Papyrus of Dark Rituals
                  | (Kikubaaqudgha gifted it to you on level 3 of the Dungeon)
  3032 | D:3      | Received a gift from Kikubaaqudgha
  3044 | D:3      | Reached skill level 1 in Maces & Flails
  3124 | D:3      | Fell from the grace of Kikubaaqudgha
  3280 | D:3      | Reached XP level 6. HP: 30/32 MP: 6/10
  4006 | D:4      | Noticed a reaper
  4008 | D:4      | Slain by a reaper

Skill      XL: |  1  2  3  4  5 |
---------------+----------------+-----
Ice Magic      | 4 |  4.5
Stealth        | 3 |  3.9
Spellcasting   | 3 |  3.5
Dodging        | 2 |  2.4
Maces & Flails | 1 |  1.0
Fighting       | |  0.2
Conjurations   | |  1.2
Charms         | |  0.1

Action                   |  1- 3 |  4- 6 || total
-------------------------+-------+-------++-------
Melee: Dagger            |     6 |     2 ||     8
       Unarmed           |     6 |       ||     6
       Club              |     4 |     6 ||    10
       Mace              |       |    78 ||    78
 Cast: Freeze            |    38 |    69 ||   107
       Throw Frost       |     2 |    17 ||    19
       Ozocubu's Armour  |       |     7 ||     7
Invok: Renounce Religion |       |     1 ||     1
 Stab: Sleeping          |     3 |     4 ||     7
  Eat: Chunk             |     2 |    11 ||    13
Armor: Robe              |    12 |    76 ||    88
Dodge: Dodged            |    20 |   108 ||   128
